 Dungeon Crawl Stone Soup version 0.26-a0-474-gfaca0e1de5 (webtiles) character file.

Game seed: 9362503864328819017

773 Infinimo the Firebug (level 7, -4/50 HPs)
             Began as a Hill Orc Fire Elementalist on July 30, 2020.
             Slain by a hornet (14 damage)
             ... on level 4 of the Dungeon.
             The game lasted 00:07:08 (6066 turns).

Infinimo the Firebug (Hill Orc Fire Elementalist)   Turns: 6066, Time: 00:07:08

Health: -4/50      AC:  8    Str: 11    XL:     7   Next: 83%
Magic:  0/11       EV: 13    Int: 17    God:
Gold:   104        SH:  0    Dex: 11    Spells: 7/12 levels left

rFire    + . .     SeeInvis +   r - +0 mace (protect)
rCold    . . .     Faith    .   (no shield)
rNeg     . . .     Spirit   .   m - +2 robe {Archmagi}
rPois    .         Reflect  .   p - +0 helmet
rElec    .         Harm     .   q - +0 cloak {rCorr}
rCorr    +                      o - +0 pair of gloves
MR       .....                  n - +0 pair of boots
Stlth    ++........             k - amulet of the acrobat
HPRegen  0.16/turn              e - ring of protection from fire
MPRegen  0.12/turn              h - ring of see invisible

@: lethally poisoned (-4 -> -19), slowed, very slow
A: no striking features
a: no special abilities


You were on level 4 of the Dungeon.
You visited 1 branch of the dungeon, and saw 4 of its levels.

You collected 104 gold pieces.

Inventory:

Hand Weapons
 r - a +0 mace of protection (weapon)
Armour
 m - a +2 robe of the Archmagi (worn)
 n - a +0 pair of boots (worn)
 o - a +0 pair of gloves (worn)
 p - a +0 helmet (worn)
 q - a +0 cloak of preservation (worn)
Jewellery
 e - a ring of protection from fire (left hand)
 f - a +4 ring of evasion
 h - a ring of see invisible (right hand)
 k - an amulet of the acrobat (around neck)
Scrolls
 a - a scroll of enchant weapon {unknown}
 b - a scroll of remove curse
 c - 6 scrolls of identify
 l - 3 scrolls of random uselessness
Potions
 d - 2 potions of ambrosia
 g - 2 potions of heal wounds
 i - a potion of berserk rage {unknown}
 j - 4 potions of stabbing


   Skills:
 - Level 2.9 Dodging
 - Level 3.2 Stealth
 + Level 3.1 Spellcasting
 * Level 4.3 Conjurations
 * Level 5.7 Fire Magic


You had 7 spell levels left.
You knew the following spells:

 Your Spells              Type           Power        Failure   Level
a - Foxfire               Conj/Fire      ####         2%          1
b - Sticky Flame          Conj/Fire      ####....     22%         4

Your spell library contained the following spells:

 Spells                   Type           Power        Failure   Level
 Conjure Flame            Conj/Fire      ####....     7%          3
 Inner Flame              Hex/Fire       ###.....     16%         3
 Fireball                 Conj/Fire      ####......   52%         5


Dungeon Overview and Level Annotations

Branches:
Dungeon (4/15)
 Temple: D:4-7

Altars:
Dithmenos
Trog


Message History

The foxfire hits the hornet but does no damage.
The hornet is almost dead.
The hornet stings you!
* * * LOW HITPOINT WARNING * * *
You are lethally poisoned!
You feel yourself slow down.
Casting: Foxfire (safe; 2% risk of failure)
Confirm with . or Enter, or press ? or * to list all spells.
You feel a surge of power!
You conjure some foxfire!
* * * LOW HITPOINT WARNING * * *
You feel sick.
The foxfire hits the hornet but does no damage.
The hornet is almost dead.
The foxfire hits the hornet.
The hornet is almost dead.
The hornet stings you.
* * * LOW HITPOINT WARNING * * *
You feel as though you will be slow longer.
The hornet stings you!
You die...

.#≈≈ ≈≈ .≈≈
≈≈≈ .≈#≈≈≈ #
(.#≈≈ #.
..≈##
#.####....#≈#
#...§.y......
###v#@v..###
#§###### #.#
#########.#
...........#
#..#######..#
#..# #..#
#..#
#..#######
####..#
#........#


You could see a hornet.

Vanquished Creatures
  Grinder (D:4)
  Sigmund (D:3)
  Blork the orc (D:4)
  Crazy Yiuf (D:3)
  2 orc priests
  Jessica (D:2)
  An iguana (D:3)
  An orc wizard (D:2)
  2 worker ants
  4 adders
  3 worms
  A dart slug (D:2)
  4 leopard geckos
  17 orcs
  8 bats
  4 giant cockroaches
  2 goblins
  6 hobgoblins
  2 jackals (D:2)
  4 quokkas
  A ball python (D:2)
  A frilled lizard (D:1)
  6 kobolds
  25 rats
  A fungus (D:3)
100 creatures vanquished.

Vanquished Creatures (others)
  464 foxfires
464 creatures vanquished.

Grand Total: 564 creatures vanquished

Notes
Turn   | Place    | Note
-------+----------+-------------------------------------------
     0 | D:1      | Infinimo the Hill Orc Fire Elementalist began the quest for
                  | the Orb.
     0 | D:1      | Reached XP level 1. HP: 14/14 MP: 3/3
   160 | D:1      | Upgraded the game from 0.26-a0-466-g989023bd0d to
                  | 0.26-a0-474-gfaca0e1de5
   506 | D:1      | Reached XP level 2. HP: 20/20 MP: 1/4
  1071 | D:2      | Noticed Jessica
  1077 | D:2      | Killed Jessica
  1077 | D:2      | Reached XP level 3. HP: 26/26 MP: 0/5
  1862 | D:2      | Reached XP level 4. HP: 33/33 MP: 1/7
  2656 | D:2      | Found a bloodstained altar of Trog.
  2704 | D:2      | Reached skill level 4 in Fire Magic
  2864 | D:2      | Reached XP level 5. HP: 38/38 MP: 5/8
  2984 | D:2      | Learned a level 4 spell: Sticky Flame
  3672 | D:3      | Found a shadowy altar of Dithmenos.
  3917 | D:3      | Reached XP level 6. HP: 45/45 MP: 2/9
  4777 | D:3      | Noticed Sigmund
  4892 | D:3      | Killed Sigmund
  4892 | D:3      | Reached XP level 7. HP: 45/50 MP: 3/11
  5311 | D:3      | Found a runed translucent door.
  5312 | D:3      | Noticed Crazy Yiuf
  5326 | D:3      | Killed Crazy Yiuf
  5474 | D:4      | Noticed Blork the orc
  5481 | D:4      | Killed Blork the orc
  5481 | D:4      | Reached skill level 5 in Fire Magic
  5949 | D:4      | Noticed Grinder
  5959 | D:4      | Killed Grinder
  6051 | D:4      | Noticed a hornet
  6063 | D:4      | Paralysed by a hornet for 1 turns
  6066 | D:4      | Slain by a hornet

Illustrated notes

Levels and vault maps discovered:
D:1:      dpeg_arrival_houses_and_road, layout_basic
D:2:      layout_loops_cross, lemuel_doored_altar, uniq_jessica
D:3:      layout_loops_ring, grunt_dithmenos_smoke_and_mirrors,
          uniq_crazy_yiuf_cottage, uniq_sigmund
D:4:      layout_loops_ring, minivault_4, minmay_rat_hole, uniq_ijyb,
          uniq_grinder, uniq_blork_the_orc

Skill      XL: |  1  2  3  4  5  6  7 |
---------------+----------------------+-----
Stealth        | 2 3 |  3.2
Dodging        | 2 |  2.9
Spellcasting   | 2 3 |  3.1
Conjurations   | 2 3 4 |  4.3
Fire Magic     | 4 5 |  5.7

Action                   |  1- 3 |  4- 6 |  7- 9 || total
-------------------------+-------+-------+-------++-------
Melee: Unarmed           |     1 |     2 |       ||     3
       War axe           |       |     6 |     6 ||    12
       Mace              |       |       |    11 ||    11
 Cast: Foxfire           |    57 |   198 |    77 ||   332
       Sticky Flame      |       |     1 |     1 ||     2
  Use: Scroll            |     7 |       |       ||     7
 Stab: Sleeping          |       |     1 |     2 ||     3
Armor: Robe              |     2 |    12 |    14 ||    28
Dodge: Dodged            |    14 |    45 |    30 ||    89

Table legend: (Time is in decaauts)
 A = Elapsed time spent in this place.
 B = Non-inter-level travel time spent in this place.
 C = Inter-level travel time spent in this place.
 D = Time resting spent in this place.
 E = Time spent auto-exploring this place.
 F = Levels seen in this place.
 G = Mean time per level.
                   A        B        C        D        E       F      G
               +--------+--------+--------+--------+--------+-----+--------+
         Total |   6082 |   5682 |    400 |    463 |   4361 |   4 | 1520.5 |
       Dungeon |   6082 |   5682 |    400 |    463 |   4361 |   4 | 1520.5 |
               +--------+--------+--------+--------+--------+-----+--------+

Top non-repeatable levels by time:
     D:2: 2229 daAuts
     D:3: 1822 daAuts
     D:1: 1365 daAuts
     D:4: 665 daAuts
